 Dungeon Sprint DCSS version 0.26-a0-660-gc07710193c (webtiles) character file.

Game seed: 155917688428480560

286 mhtbhm the Protected (level 6, -3/62 HPs)
             Began as a Minotaur Fighter on Oct 6, 2020.
             Was a Believer of Trog.
             Killed from afar by a burning bush (9 damage)
             ... with a puff of flame
             ... in the Dungeon (Sprint IV: "Fedhas' Mad Dash").
             The game lasted 00:01:30 (771 turns).

mhtbhm the Protected (Minotaur Fighter)              Turns: 771, Time: 00:01:30

Health: -3/62      AC:  8    Str: 22    XL:     6   Next: 8%
Magic:  3/5        EV:  8    Int:  5    God:    Trog [**....]
Gold:   97         SH: 13    Dex: 10    Spells: 5/5 levels left

rFire    . . .     SeeInvis .   a - +0 long sword
rCold    . . .     Faith    .   c - +2 kite shield
rNeg     . . .     Spirit   .   b - +0 scale mail
rPois    .         Reflect  .   (helmet restricted)
rElec    .         Harm     .   (no cloak)
rCorr    .         Rampage  .   (no gloves)
MR       .....     NoTele   +   (no boots)
Stlth    ..........             i - amulet of invisibility {+Inv}
HPRegen  0.20/turn              (no ring)
MPRegen  0.09/turn              (no ring)

@: berserk cooldown, very slightly contaminated, slowed, invisible (expiring),
very slow
A: retaliatory headbutt, horns 2
a: Berserk, Trog's Hand, Renounce Religion


You were in the Dungeon.
You worshipped Trog.
Trog was pleased with you.
You visited 1 branch You collected 97 gold pieces.

Inventory:

Hand Weapons
 a - a +0 long sword (weapon)
Armour
 b - a +0 scale mail (worn)
 c - a +2 kite shield (worn)
Jewellery
 i - the amulet of invisibility (around neck) {+Inv}
   (You found it in the Dungeon)

   [amulet of nothing]

   It lets you turn invisible.
Scrolls
 j - a scroll of blinking
Potions
 d - a potion of might
 e - 2 potions of curing
 f - a potion of cancellation {unknown}
 g - a potion of haste
 h - 2 potions of magic


   Skills:
 + Level 8.4 Fighting
 + Level 5.8 Long Blades
 + Level 9.1 Armour
 + Level 0.5 Dodging
 + Level 0.7 Stealth
 + Level 8.2 Shields
 + Level 2.9 Evocations


You had 5 spell levels left.
You didn't know any spells.
Your spell library was empty.

Dungeon Overview and Level Annotations

Branches:
Dungeon (1/1)

Altars:
Cheibriados
Dithmenos
Elyvilon
Gozag
Hepliaklqana
Kikubaaqudgha
Makhleb
Nemelex Xobeh
Okawaru
Qazlal
Ru
Sif Muna
Trog
Uskayaw
Vehumet
Wu Jian
Xom
Yredelemnul
Zin
The Shining One
Beogh
Jiyva
Lugonu

Shops:
D **


Innate Abilities, Weirdness & Mutations

You reflexively headbutt those who attack you in melee.
You have a pair of horns on your head.


Message History

You feel a strong urge to attack something.
The burning bush throws fire at you. The puff of flame hits you!
You bump into the stone wall.
You are no longer berserk.
You are exhausted.
You feel yourself slow down.
You flicker for a moment.
The burning bush throws fire at you. The puff of flame hits you.
* * * LOW HITPOINT WARNING * * *
You bump into the stone wall.
You feel less confused. The burning bush throws fire at you.
The puff of flame hits you!
* * * LOW HITPOINT WARNING * * *
There is an open door here.
The burning bush throws fire at you. The puff of flame hits you!
You die...

######################
._._._.⌠.#..)...#....#
_._._._..'.)#...#.f.P+
._._._...#..###'##.?$#
_._._._..#.)##∩∩@'..f#
._._._.⌠.#############
##########


You could see a wandering mushroom (wandering) and a burning bush.

Vanquished Creatures
  2 scorpions (D)
  3 oklob saplings (D)
  A worker ant (D)
  2 spriggans (D)
  A river rat (D)
  A rat (D)
10 creatures vanquished.

Notes
Turn   | Place    | Note
-------+----------+-------------------------------------------
     0 | D        | mhtbhm the Minotaur Fighter began the quest for the Orb.
     0 | D        | Reached XP level 1. HP: 19/19 MP: 0/0
    11 | D        | Reached skill level 4 in Armour
    11 | D        | Reached XP level 2. HP: 26/28 MP: 1/1
   146 | D        | Noticed an oklob sapling
   147 | D        | Killed an oklob sapling
   147 | D        | Reached skill level 5 in Fighting
   147 | D        | Reached skill level 5 in Armour
   147 | D        | Reached skill level 5 in Shields
   147 | D        | Reached XP level 3. HP: 36/36 MP: 2/2
   183 | D        | Found the amulet of invisibility {+Inv}
   184 | D        | Reached skill level 6 in Armour
   216 | D        | Found an opulent altar of Gozag.
   216 | D        | Found a hazy altar of Hepliaklqana.
   216 | D        | Found a burning altar of Makhleb.
   216 | D        | Found a roughly hewn altar of Beogh.
   216 | D        | Found a sparkling altar of Nemelex Xobeh.
   216 | D        | Found a snail-covered altar of Cheibriados.
   216 | D        | Found a sacrificial altar of Ru.
   216 | D        | Found a shimmering blue altar of Sif Muna.
   216 | D        | Found a shimmering altar of Xom.
   216 | D        | Found a basalt altar of Yredelemnul.
   217 | D        | Found a viscous altar of Jiyva.
   217 | D        | Found a bloodstained altar of Trog.
   217 | D        | Found an ornate altar of the Wu Jian Council.
   217 | D        | Noticed an oklob sapling priest
   218 | D        | Found an iron altar of Okawaru.
   218 | D        | Found a glowing silver altar of Zin.
   218 | D        | Found a shadowy altar of Dithmenos.
   219 | D        | Found a hide-covered altar of Uskayaw.
   219 | D        | Found an ancient bone altar of Kikubaaqudgha.
   220 | D        | Found a stormy altar of Qazlal.
   220 | D        | Found a glowing golden altar of the Shining One.
   220 | D        | Found a white marble altar of Elyvilon.
   221 | D        | Found a radiant altar of Vehumet.
   221 | D        | Found a corrupted altar of Lugonu.
   231 | D        | Killed an oklob sapling priest
   231 | D        | Reached skill level 7 in Armour
   231 | D        | Reached XP level 4. HP: 3/47 MP: 1/3
   234 | D        | Became a worshipper of Trog the Wrathful
   657 | D        | Reached skill level 1 in Evocations
   657 | D        | Reached XP level 5. HP: 52/52 MP: 1/4
   714 | D        | Reached * piety under Trog
   714 | D        | Reached skill level 8 in Armour
   722 | D        | Reached skill level 5 in Long Blades
   733 | D        | Found Lukaxirgh's General Store.
   733 | D        | Found Ephodof's Assorted Antiques.
   751 | D        | Noticed a burning bush
   751 | D        | Noticed a wandering mushroom
   752 | D        | Noticed a wandering mushroom
   759 | D        | Reached ** piety under Trog
   759 | D        | Reached skill level 9 in Armour
   759 | D        | Reached XP level 6. HP: 62/62 MP: 2/5
   771 | D        | Killed from afar by a burning bush

Illustrated notes

Levels and vault maps discovered:
D:        dungeon_sprint_fedhas [sprint_temple]

Skill      XL: |  1  2  3  4  5 |
---------------+----------------+-----
Fighting       | 4 5 7 8 |  8.4
Armour         | 4 5 7 9 |  9.1
Shields        | 4 5 7 8 |  8.2
Long Blades    | 3 4 5 |  5.8
Evocations     | 1 2 |  2.9
Dodging        | |  0.5
Stealth        | |  0.7

Action                   |  1- 3 |  4- 6 || total
-------------------------+-------+-------++-------
Melee: Long sword        |    18 |    31 ||    49
       Headbutt          |     7 |    10 ||    17
Invok: Berserk           |       |     1 ||     1
 Abil: Evoke Invisibilit |     1 |     3 ||     4
  Use: Potion            |     1 |     1 ||     2
 Stab: Invisible         |       |     1 ||     1
Armor: Scale mail        |     2 |     7 ||     9
Dodge: Dodged            |     3 |     6 ||     9
Block: Kite shield       |     3 |    10 ||    13
       Rpst.: Long sword |       |     1 ||     1

Table legend: (Time is in decaauts)
 A = Elapsed time spent in this place.
 B = Non-inter-level travel time spent in this place.
 C = Inter-level travel time spent in this place.
 D = Time resting spent in this place.
 E = Time spent auto-exploring this place.
 F = Levels seen in this place.
 G = Mean time per level.
                   A        B        C        D        E       F      G
               +--------+--------+--------+--------+--------+-----+--------+
         Total |    789 |    789 |      0 |    584 |      3 |   1 |  789.0 |
       Dungeon |    789 |    789 |      0 |    584 |      3 |   1 |  789.0 |
               +--------+--------+--------+--------+--------+-----+--------+

Top non-repeatable levels by time:
       D: 789 daAuts
